AoeStats
← GdR_Matteo

Black Forest

504304358Analyzed
2v2 RM · 28d ago on Sep 4, 2026· 33m 21s· 4 players
Game mode
Random Map
Map size
Medium (4 player)
Population
200
Speed
Normal
Resources
Standard
Victory
Conquest
Starting age
Dark Age
Ending age
Imperial Age
RankedLock teamsTeams togetherTeam positionsShared explorationLock speedFull tech treeHidden civsTurbo modeCheats
Victory
Defeat
🇳🇱 Tupi · Netherlands
1852
+12
🇵🇹 Bohemians · Portugal
1793
+15
🇮🇹 Tatars · Italy
1769
-14
🇮🇹 Britons · Italy
1758
-13
GdR_Matteo
3:00 Loom
16:13 Feudal Age
20:20 Castle Age
18:55 Double-Bit Axe
19:02 Horse Collar
21:24 Bow Saw
30:55 Fortified Wall
32:05 Wheelbarrow
31:16 Town Watch
32:39 Scale Barding Armor
33:40 Fletching
GdR_Polemos
1:34 Loom
11:06 Feudal Age
12:35 Double-Bit Axe
14:55 Castle Age
13:09 Horse Collar
14:44 Town Watch
16:07 Bow Saw
24:02 Wheelbarrow
25:03 Fortified Wall
25:14 Ballistics
24:47 Fletching
28:48 Imperial Age
26:45 Ballistics
26:44 Bodkin Arrow
27:57 Hand Cart
27:43 Padded Archer Armor
29:24 Leather Archer Armor
29:30 Bracer
30:35 Chemistry
30:03 Siege Engineers
29:21 Elite Longbowman
White Knight
0:53 Loom
11:45 Feudal Age
17:07 Castle Age
16:08 Gold Mining
16:09 Double-Bit Axe
19:32 Scale Mail Armor
19:34 Squires
20:21 Wheelbarrow
19:34 Town Watch
32:46 Horse Collar
Drunk Driver
0:58 Loom
13:49 Feudal Age
17:34 Castle Age
15:47 Double-Bit Axe
18:49 Bow Saw
18:20 Horse Collar
19:02 Heavy Plow
21:43 Fervor
22:59 Wheelbarrow
26:10 Hand Cart
29:33 Imperial Age
28:39 Chemistry
28:00 Ballistics
27:30 Fletching
28:15 Caravan
28:36 Bodkin Arrow
28:42 Padded Archer Armor
28:55 Town Watch
28:33 Crossbowman
30:27 Bracer
29:52 Elite Skirmisher
30:58 Leather Archer Armor
32:49 Coinage
32:43 Fortified Wall
32:59 Houfnice
Connection lost

Rejoining the realm…

Still unreachable

The connection could not be restored.

Session expired

The server has moved on; the page needs a fresh start.